 Dungeon Crawl Stone Soup version 0.22-a0-305-gd21a89c (webtiles) character file.

5 Borgoz the Skirmisher (level 1, 0/17 (19) HPs)
             Began as a Ghoul Abyssal Knight on Mar 31, 2018.
             Was an Initiate of Lugonu.
             Slain by a kobold
             ... wielding a +0 short sword
              (1 damage)
             ... on level 1 of the Dungeon.
             The game lasted 00:00:23 (147 turns).

Borgoz the Skirmisher (Ghoul Abyssal Knight)         Turns: 147, Time: 00:00:24

HP:   0/17 (19)     AC:  3    Str: 15    XL:     1   Next: 80%
MP:   1/1           EV: 11    Int:  7    God:    Lugonu [......]
Gold: 30            SH:  0    Dex:  8    Spells: 0/0 levels left

rFire    . . .     SeeInvis .     - Unarmed
rCold    + . .     Gourm    .   (no shield)
rNeg     + + +     Faith    .   a - +0 leather armour
rPois    ∞         Spirit   .   (no helmet)
rElec    .         Reflect  .   (no cloak)
rCorr    .         Harm     .   (no gloves)
MR       .....                  (no boots)
Stlth    +.........             (no amulet)
HPRegen  0.00/turn              (no ring)
MPRegen  0.07/turn              (no ring)

@: rotting
A: rotting body, claws 1, carnivore, cold resistance 1, negative energy
resistance 3, inhibited regeneration, torment resistance, unbreathing
a: Renounce Religion


You were on level 1 of the Dungeon.
You worshipped Lugonu.
Lugonu was noncommittal.
You were not hungry.

You visited 1 branch of the dungeon, and saw 1 of its levels.
You visited the Abyss 1 time.

You collected 30 gold pieces.

Inventory:

Armour
 a - a +0 leather armour (worn)
Scrolls
 c - a scroll of fear {unknown}
Potions
 d - 2 potions of curing {unknown}
Comestibles
 b - a ration


   Skills:
 + Level 3.3 Fighting
 + Level 1.9 Armour
 + Level 1.0 Dodging
 + Level 2.3 Unarmed Combat
 + Level 2.1 Invocations


You couldn't memorise any spells.
You didn't know any spells.

Dungeon Overview and Level Annotations

Branches:
Dungeon (1/15)

Altars:


Innate Abilities, Weirdness & Mutations

Your body is rotting away.
You thrive on raw meat.
You are immune to poison.
You have sharp fingernails.
You are carnivorous and can eat meat at any time.
Your flesh is cold resistant. (rC+)
You are immune to negative energy. (rN+++)
You do not regenerate when monsters are visible.
You are immune to unholy pain and torment.
You can survive without breathing.


Message History

Lugonu accepts your kill. The jackal barely misses you.
You scratch the jackal.
You kill the jackal!
Lugonu accepts your kill.
You barely miss the kobold. The kobold misses you.
You closely miss the kobold. The kobold barely misses you.
You scratch the kobold.
The kobold is heavily wounded.
The kobold barely misses you.
You scratch the kobold but do no damage.
The kobold is heavily wounded.
The kobold misses you.
You barely miss the kobold.
The kobold is heavily wounded.
The kobold hits you but does no damage.
You barely miss the kobold.
The kobold is heavily wounded.
The kobold hits you with a short sword.
You die...

..$.. .>..# . #
#..##.#)#### #. #
#........... ...#
#.#...#..############
... #
###(#.............#
... #.(##...........#
#.. #....#).........#
#...
#.##K#..........##..#
#.##.@..........#..###
#.###...).........##..
#.# #..............#..
#.# #..####....###....
#. ##.##...##.##.....
##....#..>.##.###.
#...#####..##.# #.
#.#†## #..##.# #.
..#..## #.....# #.


You could see a kobold.

Vanquished Creatures
  3 jackals (D:1)
  A frilled lizard (D:1)
  A rat (D:1)
5 creatures vanquished.

Notes
Turn   | Place    | Note
-------+----------+-------------------------------------------
     0 | Abyss:1  | Borgoz the Ghoul Abyssal Knight began the quest for the Orb.
     0 | Abyss:1  | Reached XP level 1. HP: 19/19 MP: 1/1
    49 | Abyss:1  | Noticed a freezing wraith
    50 | D:1      | Escaped the Abyss
   132 | D:1      | Reached skill level 1 in Dodging
   147 | D:1      | Slain by a kobold

Vault maps used:
D:1:      grunt_arrival_crossed_arrows
Abyss:1:  guppyfry_abyss_exit_spiral_guarded, hangedman_abyss_shoalhut

Skill      XL: |  1 |
---------------+----+-----
Dodging        | 1 |  1.0
Fighting       | |  3.3
Armour         | |  1.9
Unarmed Combat | |  2.3
Invocations    | |  2.1

Action                   || total
-------------------------++-------
Melee: Unarmed           ||    14
Invok: Depart the Abyss  ||     1
Armor: Leather armour    ||     3
Dodge: Dodged            ||    12

Table legend:
 A = Spawn XP
 B = Non-spawn XP
 C = Spawn XP percentage of total XP
 D = Spawn monster count
 E = Non-spawn monster count
 F = Spawn count percentage of total count
 G = Total turns spent on level
                    A         B        C        D         E        F      G
               +---------+---------+-------+---------+---------+-------+---------
         Total |       0 |       8 |   0.0 |       0 |       5 |   0.0 |   147
               +---------+---------+-------+---------+---------+-------+---------
           D:1 |       0 |       8 |   0.0 |       0 |       5 |   0.0 |    97
               +---------+---------+-------+---------+---------+-------+---------
